 Dungeon Crawl Stone Soup version 0.30.0-10-gfe55d96785 (webtiles) character file.

Game seed: 3895769242236865493

6749 qw the Cleaver (level 11, -1/71 HPs)
             Began as a Gargoyle Cinder Acolyte on May 16, 2023.
             Was an Initiate of Okawaru.
             Slain by Urug
             ... wielding a +2 eveningstar
              (19 damage)
             ... on level 10 of the Dungeon.
             The game lasted 00:05:12 (8227 turns).

qw the Cleaver (Gargoyle Cinder Acolyte)            Turns: 8227, Time: 00:05:12

Health: -1/71      AC: 21    Str: 23    XL:     11   Next: 4%
Magic:  12/12      EV: 13    Int: 14    God:    Okawaru [......]
Gold:   265        SH:  9    Dex:  5    Spells: 12/12 levels left

rFire   . . .        Y - +1 war axe (chaos)
rCold   . . .        d - +0 buckler
rNeg    + . .        e - +0 chain mail
rPois   inf          (no helmet)
rElec   +            q - +0 cloak
rCorr   .            l - +1 pair of gloves
SInv    .            (no boots)
Will    .....        u - amulet of reflection Stlth
                     a - +5 ring of evasion
HPRegen 0.31/turn    (no ring)
MPRegen 0.13/turn

%: reflection
@: fire susceptible
A: sickness immunity, AC +8, negative energy resistance 1, electricity
resistance, torment resistance 1, petrification resistance
a: Renounce Religion


You were on level 10 of the Dungeon.
You worshipped Okawaru.
Okawaru was noncommittal.
You visited 1 branch of the dungeon, and saw 11 of its levels.
You also visited: Ossuary.

You collected 469 gold pieces.
You spent 204 gold pieces at shops.


Innate Abilities, Weirdness & Mutations

You are immune to sickness and miasma.
Your stone body is resilient. (AC +8)
You are immune to poison.
You resist negative energy. (rN+)
You are resistant to electric shocks. (rElec)
You are resistant to unholy torment.
You are immune to petrification.


   Skills:
 - Level 9.0 Fighting
 + Level 11.2 Axes
 - Level 3.6 Throwing
 - Level 6.1 Armour
 - Level 1.0 Dodging
 - Level 5.0 Shields
 - Level 1.0 Spellcasting
 - Level 3.0 Fire Magic


You had 12 spell levels left.
You didn't know any spells.
Your spell library contained the following spells:

 Spells                   Type           Power      Damage    Failure   Level
 Scorch                   Fire           18%        2d6       58%         2

Inventory:

Hand Weapons
 i - a +0 hand axe of flaming
 Y - a +1 war axe of chaos (weapon)
Missiles
 g - a silver boomerang (quivered)
Armour
 d - a +0 buckler (worn)
 e - a +0 chain mail (worn)
 l - a +1 pair of gloves (worn)
 o - the +0 ring mail "Saladu Giuss" {rF+ Regen+ Dex-3}
   (You found it on level 5 of the Dungeon)

   Dex:       It affects your dexterity (-3).
   rF:        It protects you from fire.
   Regen:     It increases your rate of health regeneration.
 q - a +0 cloak (worn)
Jewellery
 a - a +5 ring of evasion (left hand)
 b - a ring of ice
 u - an amulet of reflection (around neck)
Scrolls
 k - 8 scrolls of identify
Potions
 c - 3 potions of cancellation
 f - 2 potions of might
 h - 2 potions of mutation
 j - a potion of resistance
 m - a potion of magic
 n - a potion of haste

Dungeon Overview and Level Annotations

Branches:
Dungeon (11/15)            Temple (0/1) D:7            Lair (0/5) D:9
Ossuary (visited)
    Orc: D:9-12

Altars:
Ashenzari
Cheibriados
Dithmenos
Elyvilon
Fedhas
Gozag
Nemelex Xobeh
Okawaru
Uskayaw
Wu Jian
The Shining One

Shops:
D:1 =[   D:4 [*[**

Annotations:
D:9 2 runed translucent doors
D:10 Urug


Message History

8214 ||| Stepping ~*~*~tactically~*~*~ (hiding).
You throw a silver boomerang. The silver boomerang hits Urug.
Urug is lightly wounded.
You barely miss Urug.
Urug is lightly wounded.
You block Urug's attack.
You barely miss Urug.
Urug is lightly wounded.
Urug hits you with a +2 eveningstar!
You hit Urug. You freeze Urug.
Urug is lightly wounded.
Urug closely misses you.
You hit Urug but do no damage.
Urug is lightly wounded.
Urug hits you with a +2 eveningstar!
You hit Urug.
Urug seems to speed up.
Urug is moderately wounded.
You block Urug's attack.
You closely miss Urug.
Urug is lightly wounded.
Urug misses you.
Urug screams, "Payback for my eye!"
Urug hits you with a +2 eveningstar.
You closely miss Urug.
Urug is lightly wounded.
You block Urug's attack.
You barely miss Urug.
Urug is lightly wounded.
Urug hits you with a +2 eveningstar.
You closely miss Urug.
Urug is lightly wounded.
Urug screams, "I'm goin' to kill you!
Now!"
Urug hits you with a +2 eveningstar. Urug hits you with a +2 eveningstar!
You hit Urug but do no damage.
Urug is lightly wounded.
Urug hits you with a +2 eveningstar!
You hit Urug but do no damage.
Urug is poisoned.
Urug is lightly wounded.
Urug closely misses you. Urug hits you with a +2 eveningstar!!
You die...

###############
#......[.......
#..............
#......>.......
#.......%...%..
#..............
#.####..............
#....o..............
#..###@............(
#..............
#..............
#.............
#............
#............
#............
#############


You could see Urug (fast, very poisoned).

Vanquished Creatures
  Pikel (D:5)
  Maurice (D:8)
  Maggie (D:6)
  Psyche (D:8)
  Grinder (D:5)
  A wyvern (D:7)
  3 yaks
  A steam dragon (D:8)
  Duvessa (D:4)
  A hornet zombie (Ossuary)
  2 ice beasts
  2 orc warriors
  An ogre (D:6)
  A phantom (D:5)
  2 centaurs
  3 lemures (D:5)
  A kobold brigand (D:9)
  7 bullfrogs
  A scorpion (D:4)
  8 wights
  2 water moccasin zombies (Ossuary)
  2 wyvern zombies (Ossuary)
  3 killer bees (D:10)
  Dowan (D:4)
  6 howler monkeys
  9 bullfrog zombies (Ossuary)
  9 centaur zombies (Ossuary)
  7 hounds
  A gnoll bouda (D:7)
  A jelly (D:7)
  11 orc priests
  6 iguanas
  2 sleepcaps
  6 orc wizards
  A killer bee zombie (Ossuary)
  11 mummies (Ossuary)
  3 howler monkey zombies (Ossuary)
  9 gnolls
  5 adders
  2 shadow imps (D:7)
  A white imp (D:7)
  A worm (D:3)
  3 dart slugs
  18 orcs
  A ball python (D:3)
  2 bats
  4 endoplasms
  6 giant cockroaches
  5 goblins
  9 hobgoblins
  10 jackals
  9 kobolds
  6 quokkas
  4 frilled lizards
  5 rats
221 creatures vanquished.

Notes
Turn   | Place    | Note
-------+----------+-------------------------------------------
     0 | D:1      | qw the Gargoyle Cinder Acolyte began the quest for the Orb.
     0 | D:1      | Reached XP level 1. HP: 14/14 MP: 2/2
     0 | D:1      | 0 ||| qw: Version: 0.2-a-94-gb5d2a68
     0 | D:1      | 0 ||| qw: Game counter: 68
     0 | D:1      | 0 ||| qw: Always use a shield: true
     0 | D:1      | 0 ||| qw: God list: Okawaru
     0 | D:1      | 0 ||| qw: Allow faded altars: false
     0 | D:1      | 0 ||| qw: Do Orc after D:15 true
     0 | D:1      | 0 ||| qw: Do second Lair branch before Depths: true
     0 | D:1      | 0 ||| qw: Lair rune preference: random
     0 | D:1      | 0 ||| qw: Plans: Normal
     0 | D:1      | 0 ||| PLANNING D:1-11
    51 | D:1      | Reached skill level 3 in Axes
    55 | D:1      | Found Ilirph's Antique Armour Boutique.
    66 | D:1      | Reached XP level 2. HP: 14/19 MP: 3/3
    91 | D:1      | 91 ||| SHOPLISTING chain mail (135 gold, have 10).
    91 | D:1      | 91 ||| SHOPLISTING glowing leather armour (150 gold, have
                  | 10).
    91 | D:1      | 91 ||| SHOPLISTING leather armour (60 gold, have 10).
    91 | D:1      | 91 ||| SHOPLISTING pair of gloves (135 gold, have 10).
    91 | D:1      | 91 ||| SHOPLISTING plate armour (690 gold, have 10).
    91 | D:1      | 91 ||| SHOPLISTING ring mail (120 gold, have 10).
    91 | D:1      | 91 ||| SHOPLISTING scale mail (120 gold, have 10).
    91 | D:1      | 91 ||| SHOPLISTING shiny helmet (225 gold, have 10).
   113 | D:1      | 113 ||| Stepping ~*~*~tactically~*~*~ (hiding).
   128 | D:1      | 128 ||| INVOKING Fiery Armour.
   175 | D:1      | Found Keilesku's Jewellery Shoppe.
   221 | D:1      | 221 ||| SHOPLISTING +6 ring of dexterity (396 gold, have
                  | 16).
   221 | D:1      | 221 ||| SHOPLISTING amulet of guardian spirit (330 gold,
                  | have 16).
   221 | D:1      | 221 ||| SHOPLISTING amulet of regeneration (330 gold, have
                  | 16).
   221 | D:1      | 221 ||| SHOPLISTING ring "Emyaru" {rPois EV+5 Str+3} (588
                  | gold, have 16).
   338 | D:1      | Reached XP level 3. HP: 23/23 MP: 4/4
   497 | D:1      | 497 ||| UPGRADING to +0 buckler.
   502 | D:1      | 502 ||| UPGRADING to +0 leather armour.
   512 | D:1      | 512 ||| DROPPING +0 robe.
   513 | D:1      | 513 ||| READING scroll labelled RIRRID VONONERU.
   514 | D:1      | 514 ||| READING 2 scrolls labelled ASIFFU JUCIAPS.
   515 | D:1      | 515 ||| READING scroll labelled ULOGGA MYSTREWKA.
   516 | D:1      | 516 ||| READING 2 scrolls labelled MEPUIZUFIO.
   517 | D:1      | 517 ||| DRINKING 2 sapphire potions.
   518 | D:1      | 518 ||| DROPPING scroll of blinking.
   519 | D:1      | 519 ||| DROPPING potion of degeneration.
   617 | D:2      | Reached skill level 1 in Shields
   705 | D:2      | 705 ||| Stepping ~*~*~tactically~*~*~ (hiding).
   750 | D:2      | Reached skill level 4 in Axes
   756 | D:2      | 756 ||| Stepping ~*~*~tactically~*~*~ (stealth).
   758 | D:2      | 758 ||| Stepping ~*~*~tactically~*~*~ (hiding).
   761 | D:2      | 761 ||| INVOKING Fiery Armour.
   761 | D:2      | HP: 4/23 [gnoll/+0 halberd (8)]
   769 | D:2      | HP: 4/23 [gnoll/+0 spear (2)]
   770 | D:2      | Reached XP level 4. HP: 5/28 MP: 5/5
   770 | D:2      | HP: 1/28 [gnoll/+0 spear (4)]
  1326 | D:2      | 1326 ||| UPGRADING to +0 chain mail.
  1336 | D:2      | 1336 ||| DROPPING +0 leather armour.
  1337 | D:2      | 1337 ||| UPGRADING to +5 ring of evasion.
  1338 | D:2      | 1338 ||| READING 2 scrolls labelled LOGHEX UHYRCH.
  1355 | D:2      | 1355 ||| READING 3 scrolls labelled QOAHIQ POTYTIBAA.
  1356 | D:2      | 1356 ||| READING scroll labelled VEITESH FIZAVVUWK.
  1357 | D:2      | 1357 ||| READING scroll labelled HOVIV AGONY.
  1358 | D:2      | 1358 ||| READING 2 scrolls of identify.
  1358 | D:2      | 1358 ||| IDENTIFYING clear potion
  1359 | D:2      | 1359 ||| DROPPING scroll of torment.
  1360 | D:2      | 1360 ||| DROPPING 2 scrolls of fear.
  1742 | D:3      | Reached skill level 1 in Armour
  1791 | D:3      | 1791 ||| INVOKING Fiery Armour.
  1794 | D:3      | Reached XP level 5. HP: 16/32 MP: 6/6
  2171 | D:3      | 2171 ||| UPGRADING to +0 pair of gloves.
  2176 | D:3      | 2176 ||| READING scroll labelled BAL HIYSUNEHE.
  2177 | D:3      | 2177 ||| DRINKING 2 grey potions.
  2178 | D:3      | 2178 ||| DROPPING potion of flight.
  2183 | D:4      | 2183 ||| PLANNING SEWER
  2232 | D:4      | Found Finlef's Armour Shop.
  2241 | D:4      | Found Kavo's Assorted Antiques.
  2242 | D:4      | 2242 ||| SHOPLISTING +2 fire dragon scales (1008 gold, have
                  | 192).
  2242 | D:4      | 2242 ||| SHOPLISTING +6 scale mail "Rus Ucs" {Slay+3 SInv}
                  | (809 gold, have 192).
  2242 | D:4      | Found Tethruk's Antique Armour Shop.
  2244 | D:4      | Found Nibruclev's General Store.
  2250 | D:4      | 2250 ||| SHOPLISTING 2 scrolls of enchant weapon (300 gold,
                  | have 204).
  2250 | D:4      | 2250 ||| BUYING encrusted fluorescent wand (80 gold).
  2250 | D:4      | Bought an encrusted fluorescent wand for 80 gold pieces
  2250 | D:4      | 2250 ||| SHOPLISTING runed ring mail (140 gold, have 124).
  2250 | D:4      | 2250 ||| BUYING scroll labelled VUOHOU EPHUGO (20 gold).
  2250 | D:4      | Bought a scroll labelled VUOHOU EPHUGO for 20 gold pieces
  2250 | D:4      | 2250 ||| BUYING worn wooden wand (80 gold).
  2250 | D:4      | Bought a worn wooden wand for 80 gold pieces
  2263 | D:4      | 2263 ||| SHOPLISTING runed orb (312 gold, have 24).
  2283 | D:4      | 2283 ||| BUYING scroll of identify (24 gold).
  2283 | D:4      | Bought a scroll of identify for 24 gold pieces
  2309 | D:4      | 2309 ||| Stepping ~*~*~tactically~*~*~ (stealth).
  2310 | D:4      | 2310 ||| Stepping ~*~*~tactically~*~*~ (stealth).
  2346 | D:4      | 2346 ||| INVOKING Fiery Armour.
  2350 | D:4      | Reached skill level 5 in Axes
  2350 | D:4      | Reached XP level 6. HP: 15/37 MP: 7/7
  2460 | D:4      | Noticed Dowan
  2462 | D:4      | Noticed Duvessa
  2463 | D:4      | 2463 ||| INVOKING Fiery Armour.
  2478 | D:4      | Killed Duvessa
  2480 | D:4      | Killed Dowan
  2488 | D:4      | 2488 ||| Stepping ~*~*~tactically~*~*~ (stealth).
  2499 | D:4      | Reached XP level 7. HP: 31/44 MP: 8/8
  2556 | D:4      | 2556 ||| Stepping ~*~*~tactically~*~*~ (stealth).
  2607 | D:4      | Found Hanaub's General Store.
  2616 | D:4      | 2616 ||| SHOPLISTING +0 helmet of see invisible (115 gold,
                  | have 23).
  2616 | D:4      | 2616 ||| SHOPLISTING potion of might (40 gold, have 23).
  2835 | D:4      | Found a glowing drain.
  2841 | D:4      | 2841 ||| UPGRADING to +0 cloak.
  2846 | D:4      | 2846 ||| READING scroll labelled VUOHOU EPHUGO.
  2847 | D:4      | 2847 ||| READING scroll labelled PODGHE MAHOPLOA.
  2850 | D:4      | 2850 ||| READING 3 scrolls of identify.
  2850 | D:4      | 2850 ||| IDENTIFYING ruby potion
  2851 | D:4      | 2851 ||| READING 2 scrolls of identify.
  2851 | D:4      | 2851 ||| IDENTIFYING fizzy ruby potion
  2852 | D:4      | 2852 ||| DROPPING potion of invisibility.
  2853 | D:4      | 2853 ||| DROPPING wand of charming (10).
  2854 | D:4      | 2854 ||| DROPPING wand of light (5).
  2928 | D:4      | 2928 ||| RIP SEWER
  2966 | D:4      | 2966 ||| PLANNING D:1-11
  3059 | D:4      | Found a glowing golden altar of the Shining One.
  3092 | D:4      | 3092 ||| Stepping ~*~*~tactically~*~*~ (stealth).
  3193 | D:4      | 3193 ||| INVOKING Fiery Armour.
  3200 | D:4      | Reached skill level 3 in Armour
  3413 | D:5      | Entered Level 5 of the Dungeon
  3427 | D:5      | 3427 ||| STAIRDANCE
  3463 | D:4      | 3463 ||| INVOKING Fiery Armour.
  3465 | D:4      | Reached skill level 6 in Axes
  3557 | D:5      | Found a sparkling altar of Nemelex Xobeh.
  3574 | D:5      | Reached skill level 3 in Shields
  3576 | D:5      | 3576 ||| INVOKING Fiery Armour.
  3732 | D:5      | Found an iron altar of Okawaru.
  3750 | D:5      | 3750 ||| Stepping ~*~*~tactically~*~*~ (stealth).
  3772 | D:5      | Reached XP level 8. HP: 48/48 MP: 9/9
  3791 | D:5      | 3791 ||| INVOKING Fiery Armour.
  3992 | D:5      | Reached skill level 7 in Axes
  4026 | D:5      | Found an ornate altar of the Wu Jian Council.
  4033 | D:5      | Found a shadowy altar of Dithmenos.
  4061 | D:5      | Noticed Grinder
  4061 | D:5      | Noticed Pikel
  4062 | D:5      | 4062 ||| Stepping ~*~*~tactically~*~*~ (hiding).
  4069 | D:5      | Paralysed by Grinder for 3 turns
  4084 | D:5      | Paralysed by Grinder for 2 turns
  4088 | D:5      | Killed Grinder
  4092 | D:5      | 4092 ||| INVOKING Fiery Armour.
  4115 | D:5      | HP: 11/49 [Pikel/+2 whip of flaming (10)]
  4116 | D:5      | 4116 ||| DRINKING potion of heal wounds.
  4124 | D:5      | Killed Pikel
  4125 | D:5      | Reached skill level 8 in Axes
  4125 | D:5      | Reached XP level 9. HP: 32/54 MP: 10/10
  4234 | D:5      | Identified the +0 ring mail "Saladu Giuss" {rF+ Regen+
                  | Dex-3}
  4305 | D:5      | Found a white marble altar of Elyvilon.
  4388 | D:5      | 4388 ||| READING scroll labelled OTELALOAZI.
  4389 | D:5      | 4389 ||| READING 2 scrolls of identify.
  4389 | D:5      | 4389 ||| IDENTIFYING smoky puce potion
  4436 | D:6      | 4436 ||| PLANNING OSSUARY
  4444 | D:6      | 4444 ||| STAIRDANCE
  4481 | D:6      | Found a hide-covered altar of Uskayaw.
  4505 | D:6      | 4505 ||| SWAPPING to +0 war axe.
  4537 | D:6      | Found a blossoming altar of Fedhas.
  4540 | D:6      | Found a sand-covered staircase.
  4541 | D:6      | 4541 ||| DRINKING 2 brown potions.
  4542 | D:6      | 4542 ||| READING 3 scrolls of identify.
  4542 | D:6      | 4542 ||| IDENTIFYING blue potion
  4543 | D:6      | 4543 ||| READING 2 scrolls of identify.
  4543 | D:6      | 4543 ||| IDENTIFYING bubbling brown potion
  4544 | D:6      | 4544 ||| DROPPING potion of attraction.
  4545 | D:6      | 4545 ||| DROPPING potion of brilliance.
  4552 | Ossuary  | Entered an ossuary
  4558 | Ossuary  | 4558 ||| Stepping ~*~*~tactically~*~*~ (stealth).
  4571 | Ossuary  | 4571 ||| Stepping ~*~*~tactically~*~*~ (stealth).
  4573 | Ossuary  | 4573 ||| Stepping ~*~*~tactically~*~*~ (stealth).
  4580 | Ossuary  | 4580 ||| Stepping ~*~*~tactically~*~*~ (stealth).
  4585 | Ossuary  | 4585 ||| Stepping ~*~*~tactically~*~*~ (stealth).
  4587 | Ossuary  | 4587 ||| Stepping ~*~*~tactically~*~*~ (stealth).
  4589 | Ossuary  | 4589 ||| Stepping ~*~*~tactically~*~*~ (stealth).
  4606 | Ossuary  | 4606 ||| INVOKING Fiery Armour.
  4620 | Ossuary  | Reached skill level 6 in Fighting
  4680 | Ossuary  | 4680 ||| Stepping ~*~*~tactically~*~*~ (stealth).
  4720 | Ossuary  | Reached skill level 9 in Axes
  4720 | Ossuary  | 4720 ||| Stepping ~*~*~tactically~*~*~ (stealth).
  4790 | Ossuary  | 4790 ||| Stepping ~*~*~tactically~*~*~ (hiding).
  4798 | Ossuary  | 4798 ||| Stepping ~*~*~tactically~*~*~ (water).
  4810 | Ossuary  | 4810 ||| Stepping ~*~*~tactically~*~*~ (hiding).
  4898 | Ossuary  | 4898 ||| READING scroll of teleportation.
  5035 | Ossuary  | 5035 ||| READING scroll of enchant weapon.
  5035 | Ossuary  | 5035 ||| ENCHANTING +0 war axe.
  5152 | Ossuary  | 5152 ||| UPGRADING to amulet of reflection.
  5157 | Ossuary  | 5157 ||| READING scroll labelled AFAVIUTUHI.
  5158 | Ossuary  | 5158 ||| READING scroll labelled JEFOSSYAST.
  5159 | Ossuary  | 5159 ||| READING scroll labelled LIFREMPAQUD.
  5160 | Ossuary  | 5160 ||| READING scroll labelled KUDAR FEYRR.
  5161 | Ossuary  | 5161 ||| DRINKING 2 metallic coppery potions.
  5266 | Ossuary  | 5266 ||| READING 7 scrolls of identify.
  5266 | Ossuary  | 5266 ||| IDENTIFYING cyan potion
  5267 | Ossuary  | 5267 ||| READING 6 scrolls of identify.
  5267 | Ossuary  | 5267 ||| IDENTIFYING fuming silvery potion
  5268 | Ossuary  | 5268 ||| DROPPING potion of ambrosia.
  5269 | Ossuary  | 5269 ||| DROPPING potion of berserk rage.
  5296 | D:6      | 5296 ||| PLANNING D:1-11
  5320 | D:6      | 5320 ||| Stepping ~*~*~tactically~*~*~ (hiding).
  5323 | D:6      | 5323 ||| Stepping ~*~*~tactically~*~*~ (hiding).
  5341 | D:6      | 5341 ||| Stepping ~*~*~tactically~*~*~ (stealth).
  5341 | D:6      | Noticed Maggie
  5342 | D:6      | 5342 ||| Stepping ~*~*~tactically~*~*~ (stealth).
  5344 | D:6      | 5344 ||| INVOKING Fiery Armour.
  5354 | D:6      | Reached XP level 10. HP: 50/63 MP: 11/11
  5361 | D:6      | HP: 15/63 [Maggie/+2 glaive of flaming (3)]
  5362 | D:6      | 5362 ||| DRINKING potion of heal wounds.
  5364 | D:6      | Killed Maggie
  5365 | D:6      | Reached skill level 10 in Axes
  5543 | D:6      | Found a broken altar of Ashenzari.
  5668 | D:6      | 5668 ||| READING scroll of teleportation.
  5826 | D:7      | 5826 ||| INVOKING Fiery Armour.
  5828 | D:7      | Reached skill level 1 in Dodging
  5840 | D:7      | 5840 ||| Stepping randomly (disturbance).
  5841 | D:7      | 5841 ||| Stepping ~*~*~tactically~*~*~ (hiding).
  5843 | D:7      | 5843 ||| Stepping randomly (disturbance).
  5844 | D:7      | 5844 ||| Stepping ~*~*~tactically~*~*~ (hiding).
  5869 | D:7      | 5869 ||| READING scroll of teleportation.
  6043 | D:7      | 6043 ||| Stepping ~*~*~tactically~*~*~ (hiding).
  6044 | D:7      | 6044 ||| Stepping ~*~*~tactically~*~*~ (hiding).
  6147 | D:7      | Found a staircase to the Ecumenical Temple.
  6435 | D:8      | Noticed Psyche
  6437 | D:8      | 6437 ||| Stepping ~*~*~tactically~*~*~ (hiding).
  6439 | D:8      | 6439 ||| Stepping randomly (disturbance).
  6441 | D:8      | Killed Psyche
  6442 | D:8      | Reached skill level 3 in Throwing
  6485 | D:8      | 6485 ||| Stepping ~*~*~tactically~*~*~ (hiding).
  6486 | D:8      | 6486 ||| Stepping ~*~*~tactically~*~*~ (hiding).
  6621 | D:8      | 6621 ||| Stepping ~*~*~tactically~*~*~ (stealth).
  6644 | D:8      | 6644 ||| Stepping ~*~*~tactically~*~*~ (stealth).
  6667 | D:8      | Found an opulent altar of Gozag.
  6670 | D:8      | Found a snail-covered altar of Cheibriados.
  6792 | D:8      | 6792 ||| READING scroll of brand weapon.
  6792 | D:8      | 6792 ||| BRANDING +1 heavy war axe.
  6849 | D:8      | Reached skill level 11 in Axes
  6963 | D:8      | 6963 ||| READING scroll of teleportation.
  6964 | D:8      | 6964 ||| STAIRDANCE
  7060 | D:8      | Noticed Maurice
  7061 | D:8      | 7061 ||| Stepping ~*~*~tactically~*~*~ (hiding).
  7068 | D:8      | 7068 ||| Stepping ~*~*~tactically~*~*~ (hiding).
  7072 | D:8      | 7072 ||| Stepping randomly (disturbance).
  7075 | D:8      | 7075 ||| Stepping randomly (disturbance).
  7089 | D:8      | Killed Maurice
  7090 | D:8      | Reached skill level 6 in Armour
  7408 | D:8      | 7408 ||| PLANNING OKAWARU WORSHIP
  7498 | D:5      | Fell from the grace of Ignis
  7498 | D:5      | Became a worshipper of Warmaster Okawaru
  7499 | D:5      | 7499 ||| PLANNING D:1-11
  7562 | D:9      | 7562 ||| STAIRDANCE
  7681 | D:9      | Found a large runed translucent door.
  7681 | D:9      | Found a large runed translucent door.
  7697 | D:9      | Found a staircase to the Lair.
  7707 | D:9      | 7707 ||| Stepping ~*~*~tactically~*~*~ (hiding).
  7709 | D:9      | 7709 ||| Stepping ~*~*~tactically~*~*~ (hiding).
  7710 | D:9      | 7710 ||| Stepping ~*~*~tactically~*~*~ (hiding).
  7711 | D:9      | 7711 ||| Stepping ~*~*~tactically~*~*~ (hiding).
  7712 | D:9      | 7712 ||| Stepping ~*~*~tactically~*~*~ (hiding).
  7870 | D:9      | 7870 ||| Stepping ~*~*~tactically~*~*~ (hiding).
  7871 | D:9      | 7871 ||| Stepping ~*~*~tactically~*~*~ (hiding).
  7874 | D:9      | Reached skill level 9 in Fighting
  7874 | D:9      | Reached XP level 11. HP: 71/71 MP: 12/12
  7881 | D:9      | You fall into a shaft and drop 2 floors!
  8132 | D:11     | 8132 ||| READING 9 scrolls of identify.
  8132 | D:11     | 8132 ||| IDENTIFYING fuming ruby potion
  8140 | D:10     | Entered Level 10 of the Dungeon
  8201 | D:10     | 8201 ||| READING scroll of enchant armour.
  8201 | D:10     | 8201 ||| ENCHANTING +0 pair of gloves.
  8213 | D:10     | Noticed Urug
  8214 | D:10     | 8214 ||| Stepping ~*~*~tactically~*~*~ (hiding).
  8227 | D:10     | Slain by Urug

Levels and vault maps discovered:
D:1:      spicycebolla_green_bress_n_ham, layout_rooms, serial_shops,
          shop_statue, nicolae_shop_temple_entry_statues_fountains
D:2:      layout_rooms
D:3:      layout_basic, kennysheep_generic_room_15
D:4:      layout_loops_ring, tso_metal_star, gup_sewer_entry_bubbles,
          serial_shops, shop, shop, nicolae_shop_waterfront, nicolae_shop_trees,
          shop, uniq_duvessa
D:5:      layout_rooms, nicolae_overflow_crystal_walls,
          nicolae_overflow_quartered_altars, serial_bayou_ford_a, uniq_grinder,
          uniq_pikel
D:6:      layout_cave_pools, ashenzari_altar_1, eat_drink_and_be_merry_uskayaw,
          fedhas_altar_fruit_tree, enter_ossuary_3, uniq_maggie
D:7:      layout_rooms, minmay_temple_entry_statues
D:8:      layout_gridville, mainiacjoe_overflow_catwalk_spiral, uniq_psyche,
          uniq_maurice
D:9:      kennysheep_steamy, layout_layer_cave, dpeg_oklobed_lair,
          ebering_ghost_disaster_area
D:10:     layout_basic, nicolae_hepliaklqana_monster_ancestors,
          mainiacjoe_overflow_paths, orc_0_dummy, serial_shops, shop,
          uniq_nergalle, uniq_urug, uniq_josephine, uniq_erolcha
D:11:     giant_chief_lemuel, layout_cave_pools, uniq_fannar

Skill      XL: |  1  2  3  4  5  6  7  8  9 10 |
---------------+-------------------------------+-----
Axes           | 3 4 5 6 8 9 11 | 11.2
Shields        | 2 3 4 5 |  5.0
Armour         | 1 2 3 5 6 |  6.1
Fighting       | 4 5 7 9 |  9.0
Throwing       | 2 3 |  3.6
Dodging        | 1 |  1.0
Spellcasting   | |  1.0
Fire Magic     | |  3.0

Action                     |  1- 3 |  4- 6 |  7- 9 | 10-12 || total
---------------------------+-------+-------+-------+-------++-------
  Melee: Hand axe          |    86 |   149 |   299 |       ||   534
         Punch             |     1 |       |       |       ||     1
         War axe           |       |       |   199 |   173 ||   372
  Throw: Javelin           |       |       |    12 |    29 ||    41
         Boomerang         |       |       |       |    15 ||    15
 Invoke: Fiery Armour      |     2 |     3 |     7 |     1 ||    13
    Use: Scroll            |     4 |     6 |    16 |     6 ||    32
         Potion            |     1 |     1 |     3 |     1 ||     6
 Armour: Robe              |    22 |       |       |       ||    22
         Leather armour    |    12 |    11 |       |       ||    23
         Chain mail        |       |    35 |   224 |    84 ||   343
         Skin              |       |    16 |       |       ||    16
  Dodge: Dodged            |    64 |    76 |   263 |    91 ||   494
  Block: Buckler           |     3 |    12 |    72 |    82 ||   169
         Reflection        |       |       |       |     6 ||     6

Table legend:
 A = Non-vault XP
 B = Vault XP
 C = Vault XP percentage of total XP
 D = Non-vault monster count
 E = Vault monster count
 F = Vault count percentage of total count
                 A         B        C        D         E       F
            +---------+---------+-------+---------+---------+-------
      Total |    5578 |    4064 |  42.1 |     166 |      52 |  23.9
            +---------+---------+-------+---------+---------+-------
        D:1 |      40 |       0 |   0.0 |      21 |       0 |   0.0
        D:2 |      89 |       0 |   0.0 |      15 |       0 |   0.0
        D:3 |      59 |       0 |   0.0 |      17 |       0 |   0.0
        D:4 |     509 |     225 |  30.7 |      23 |       9 |  28.1
        D:5 |     690 |     969 |  58.4 |      16 |       2 |  11.1
        D:6 |     613 |     395 |  39.2 |      12 |       1 |   7.7
        D:7 |    1297 |       0 |   0.0 |      33 |       0 |   0.0
        D:8 |    1515 |     851 |  36.0 |      18 |       2 |  10.0
        D:9 |     405 |       0 |   0.0 |       5 |       0 |   0.0
       D:10 |     186 |       0 |   0.0 |       3 |       0 |   0.0
       D:11 |     175 |       0 |   0.0 |       3 |       0 |   0.0
    Ossuary |       0 |    1624 | 100.0 |       0 |      38 | 100.0
            +---------+---------+-------+---------+---------+-------
